 Dungeon Crawl Stone Soup version 0.28-a0-1447-ga5a8893891 (webtiles) character file.

Game seed: 9854734798183610815

5 lunkers the Sneak (level 1, -1/11 HPs)
             Began as a Spriggan Delver on Jan 11, 2022.
             Succumbed to a kobold brigand's poison
             ... on level 6 of the Dungeon.
             The game lasted 00:01:04 (196 turns).

lunkers the Sneak (Spriggan Delver)                  Turns: 196, Time: 00:01:05

Health: -1/11      AC:  2    Str:  8    XL:     1   Next: 66%
Magic:  2/2        EV: 17    Int: 11    God:
Gold:   0          SH:  0    Dex: 16    Spells: 0/0 levels left

rFire   . . .      SeeInvis +   a - +0 short sword
rCold   . . .      Faith    .   (no shield)
rNeg    . . .      Spirit   .   b - +0 robe
rPois   .          Reflect  .   (helmet restricted)
rElec   .          Harm     .   (no cloak)
rCorr   .          Rampage  .   (gloves unavailable)
Will    .....                   (boots unavailable)
Stlth   ++++......              (no amulet)
HPRegen 0.03/turn               (no ring)
MPRegen 0.08/turn               (no ring)

@: lethally poisoned (-1 -> -10), attractive, very quick
A: very small, no large weapons, unfitting armour, see invisible, speed 3
a: no special abilities


You were on level 6 of the Dungeon.
You visited 1 branch of the dungeon, and saw 2 of its levels.

Inventory:

Hand Weapons
 a - a +0 short sword (weapon)
Armour
 b - a +0 robe (worn)
Wands
 g - a wand of digging (3)
 i - a wand of flame (24)
Scrolls
 c - a scroll of fog
 d - a scroll of magic mapping
 e - a scroll of fear
 j - a scroll of torment {unknown}
Potions
 f - a potion of haste


   Skills:
 - Level 2.4 Fighting
 + Level 2.5 Short Blades
 - Level 2.6 Dodging
 + Level 7.4 Stealth


You couldn't memorise any spells.
You didn't know any spells.
Your spell library was empty.

Dungeon Overview and Level Annotations

Branches:
Dungeon (5/15)
 Temple: D:4-7

Altars:


Innate Abilities, Weirdness & Mutations

You are very small and have problems with some larger weapons.
You are too small for most types of armour.
You have supernaturally acute eyesight. (SInv)
You cover ground extremely quickly. (Speed+++)


Message History

You fall into a shaft and drop 1 floor!
The shaft crumbles and collapses. 4 kobolds come into view.
The kobold shouts! x3; You hear a shout!
The kobold closely misses you.
You closely miss the kobold. The kobold closely misses you.
A kobold brigand comes into view.
It is wielding a +0 club and quivering poisoned darts.
You closely miss the kobold. The kobold misses you. x2
The kobold hits you with a +0 club.
You hit the kobold.
The kobold is moderately wounded.
The kobold hits you with a +0 whip.
* * * LOW HITPOINT WARNING * * *
The kobold hits you but does no damage. The kobold hits you with a +0 club.
* * * LOW HITPOINT WARNING * * *
A necrophage comes into view.
Found a war axe.
Found a stone staircase leading down.
You see here a +0 war axe.
Found 10 stones.
There is a stone staircase leading down here.
Found a scroll labelled ZILOPO BITAOHE.
A hound comes into view.
Found 22 stones.
An adder comes into view.
The kobold brigand shouts!
The kobold brigand throws a poisoned dart.
The poisoned dart barely misses you.
The kobold brigand throws a poisoned dart.
The poisoned dart hits you!
You are lethally poisoned!
* * * LOW HITPOINT WARNING * * *
You feel sick.
The kobold brigand throws a poisoned dart.
The poisoned dart completely misses you.
* * * LOW HITPOINT WARNING * * *
You feel sick.
It was a potion of attraction.
You feel attractive to monsters.
You die...

....###.......#.........
.....#..#.....# .......
.....#.###K...# .......
....K..# ##K..## .......
......## ##...# ......
.......# ##..##......
.......######.....#
........##..K....##
....K......#####@#
.........### #..# #
....>)...# ##....
.........# .....
........K# .....#
.........## ##.......#
..........####n...#.....
...........n...# .###...
.........##..###


You could see a kobold brigand and 2 kobolds.

Vanquished Creatures
  An adder skeleton (D:5)
  An orc (D:5)
2 creatures vanquished.

Notes
Turn   | Place    | Note
-------+----------+-------------------------------------------
     0 | D:5      | lunkers the Spriggan Delver began the quest for the Orb.
     0 | D:5      | Reached XP level 1. HP: 11/11 MP: 2/2
    15 | D:5      | Noticed a black bear
   146 | D:5      | You fall into a shaft and drop 1 floor!
   149 | D:6      | Noticed a kobold brigand
   156 | D:6      | Noticed a necrophage
   171 | D:6      | Noticed a hound
   196 | D:6      | Succumbed to a kobold brigand's poison

Illustrated notes

Levels and vault maps discovered:
D:5:      layout_layer_cave, gammafunk_ghost_necromancy
D:6:      layout_layer_cave, nicolae_overflow_crystal_walls,
          nicolae_ashenzari_skybound, minmay_temple_entry_mist,
          hangedman_decor_opposing, uniq_edmund, uniq_prince_ribbit1

Action                   || total
-------------------------++-------
Melee: Short sword       ||     5
  Use: Potion            ||     1
 Stab: Sleeping          ||     2
Armor: Robe              ||     1
Dodge: Dodged            ||     6

Table legend: (Time is in decaauts)
 A = Elapsed time spent in this place.
 B = Non-inter-level travel time spent in this place.
 C = Inter-level travel time spent in this place.
 D = Time resting spent in this place.
 E = Time spent auto-exploring this place.
 F = Levels seen in this place.
 G = Mean time per level.
                   A        B        C        D        E       F      G
               +--------+--------+--------+--------+--------+-----+--------+
         Total |    120 |    120 |      0 |      0 |     43 |   2 |   60.0 |
       Dungeon |    120 |    120 |      0 |      0 |     43 |   2 |   60.0 |
               +--------+--------+--------+--------+--------+-----+--------+

Top non-repeatable levels by time:
     D:5: 89 daAuts
     D:6: 31 daAuts
